 Dungeon Crawl Stone Soup version 0.20.1-1-g8b1a95d (webtiles) character file.

87 Haldmier the Sneak (level 4, 0/40 HPs)
             Began as a Naga Artificer on Dec 17, 2017.
             Slain by Natasha (2 damage)
             ... on level 2 of the Dungeon.
             The game lasted 00:05:57 (2005 turns).

Haldmier the Sneak (Naga Artificer)                 Turns: 2005, Time: 00:05:58

Health: 0/40       AC:  2    Str: 14    XL:     4   Next: 51%
Magic:  6/6        EV:  9    Int: 13    God:
Gold:   74         SH:  0    Dex: 11    Spells: 3/3 levels left

rFire    . . .     SeeInvis +   a - +0 short sword
rCold    . . .     Gourm    .   (no shield)
rNeg     . . .     Faith    .   b - +0 leather armour
rPois    +         Spirit   .   (no helmet)
rElec    .         Reflect  .   (no cloak)
rCorr    .         Harm     .   (no gloves)
MR       .....                  (no barding)
Stlth    ++........             (no amulet)
Regen    0.2/turn               (no ring)
MPRegen  0.1/turn               (no ring)

@: slowed, very slow
A: see invisible, deformed body, poison resistance, slowness 2, slow metabolism
1, spit poison 1, AC +1
a: Spit Poison


You were on level 2 of the Dungeon.
You were not hungry.

You visited 1 branch of the dungeon, and saw 2 of its levels.

You collected 74 gold pieces.

Inventory:

Hand Weapons
 a - a +0 short sword (weapon)
 m - a +0 hunting sling
Missiles
 g - 22 sling bullets
 p - 6 tomahawks (quivered)
 r - 48 stones
Armour
 b - a +0 leather armour (worn)
Wands
 c - a wand of flame (13/48)
 d - a wand of enslavement (15/24)
 e - a wand of random effects (15/48)
Scrolls
 k - 3 scrolls of teleportation {unknown}
 l - a scroll of identify {unknown}
 n - a scroll of recharging {unknown}
 o - 2 scrolls of remove curse {unknown}
 q - a scroll of amnesia {unknown}
 t - 2 scrolls of blinking {unknown}
Potions
 i - a potion of might {unknown}
 s - 2 potions of magic {unknown}
 v - a potion of curing {unknown}
Comestibles
 f - a bread ration
 h - 2 meat rations
 j - a royal jelly


   Skills:
 + Level 2.4 Fighting
 - Level 1.0 Short Blades
 - Level 1.5 Dodging
 + Level 4.6 Stealth
 + Level 3.5 Evocations


You had 3 spell levels left.
You didn't know any spells.

Dungeon Overview and Level Annotations

Branches:
Dungeon (2/15)

Altars:

Annotations:
D:2 Natasha


Innate Abilities, Weirdness & Mutations

You cannot wear boots.
Your serpentine skin is tough. (AC +1)
You have supernaturally acute eyesight. (SInv)
Armour fits poorly on your strangely shaped body.
Your system is resistant to poisons. (rPois)
You cover ground very slowly.
You have a slow metabolism.
You can spit poison.


Message History

Aiming: Throw Flame
Press: ? - help, Shift-Dir - straight line, f/p - Natasha
Aim: Natasha (moderately wounded)
The puff of flame hits Natasha.
Natasha is severely wounded.
This wand has 14 charges left.
Natasha mumbles some strange words.
You feel disoriented. Natasha claws you. The white imp hits you.
The white imp freezes you.
* * * LOW HITPOINT WARNING * * *
Evoke which item? (* to show all) (? for menu, Esc to quit)
Aiming: Throw Flame
Press: ? - help, Shift-Dir - straight line, f/p - Natasha
Aim: Natasha (severely wounded)
The puff of flame misses Natasha.
This wand has 13 charges left.
Natasha claws you!
* * * LOW HITPOINT WARNING * * *
The white imp shouts, "Taste defeat, thou infectious full-gorged fustilarian!"
The white imp barely misses you. Natasha claws you.
You die...

......... .# .r. #.#
#... ...........<..
..##... #...
............#........
#.#. ##.#........#
J#..#.# #.#.
#.#...#.#### ...†. ..
#>#. # #...#.# ...
#.# #... #r# #.# ####
##h####.# ########
#@......# #.......
#5#####.# #.......
#(# #.###....... #.#
#........... #.#
#.###.......
#.#####.# #.......
#.......# #.......
######### ########


You could see Natasha, a white imp and a rat.

Vanquished Creatures
  Natasha (D:2)
  An adder (D:2)
  An ooze (D:2)
  3 leopard geckos
  2 bats (D:1)
  4 giant cockroaches
  6 goblins
  7 hobgoblins
  4 jackals (D:1)
  6 kobolds
  2 frilled lizards (D:1)
  5 rats (D:1)
42 creatures vanquished.

Notes
Turn   | Place    | Note
-------+----------+-------------------------------------------
     0 | D:1      | Haldmier the Naga Artificer began the quest for the Orb.
     0 | D:1      | Reached XP level 1. HP: 18/18 MP: 3/3
    26 | D:1      | Reached skill level 2 in Stealth
   165 | D:1      | Reached XP level 2. HP: 25/25 MP: 4/4
   641 | D:1      | Reached skill level 3 in Stealth
   797 | D:1      | Reached XP level 3. HP: 32/32 MP: 5/5
  1757 | D:2      | Noticed Natasha
  1766 | D:2      | Reached skill level 4 in Stealth
  1774 | D:2      | Killed Natasha
  1774 | D:2      | Reached XP level 4. HP: 16/40 MP: 6/6
  1993 | D:2      | Noticed Natasha
  2005 | D:2      | HP: 2/40 [Natasha (9)]
  2005 | D:2      | Slain by Natasha

Skill      XL: |  1  2  3 |
---------------+----------+-----
Stealth        | 2 3 4 |  4.6
Fighting       | 2 |  2.4
Short Blades   | |  1.0
Dodging        | |  1.5
Evocations     | |  3.5

Action                   |  1- 3 |  4- 6 || total
-------------------------+-------+-------++-------
Melee: Short sword       |   100 |    11 ||   111
 Abil: Spit Poison       |    31 |     5 ||    36
Evoke: Wand              |       |     2 ||     2
  Eat: Chunk             |     3 |     1 ||     4
Armor: Leather armour    |    28 |     3 ||    31
Dodge: Dodged            |    59 |     6 ||    65
